 Seeded DCSS version 0.27.1-34-g3ba077fa99 (webtiles) character file.

Game seed: 20220127 (custom seed)

19 jessy the Sneak (level 2, 0/20 HPs)
             Began as an Octopode Brigand on Jan 27, 2022.
             Was a Follower of Makhleb.
             Succumbed to an adder's poison
             ... on level 2 of the Dungeon.
             The game lasted 00:06:50 (1722 turns).

jessy the Sneak (Octopode Brigand)                  Turns: 1722, Time: 00:06:51

Health: 0/20       AC:  1    Str: 10    XL:     2   Next: 75%
Magic:  2/2        EV: 12    Int: 13    God:    Makhleb [*.....]
Gold:   29         SH:  0    Dex: 13    Spells: 1/1 levels left

rFire    . . .     SeeInvis .   f - +0 hand axe
rCold    . . .     Faith    .   (no shield)
rNeg     . . .     Spirit   .   (helmet restricted)
rPois    .         Reflect  .   (no amulet)
rElec    .         Harm     .   (no ring)
rCorr    .         Rampage  .   (no ring)
Will     .....                  (no ring)
Stlth    ++++......             (no ring)
HPRegen  0.06/turn              (no ring)
MPRegen  0.08/turn              (no ring)
                                (no ring)
                                (no ring)

@: lethally poisoned (0 -> -4)
A: almost no armour, amphibious, 8 rings, camouflage 1, gelatinous body 1,
(nimble swimmer 1), tentacles
a: Renounce Religion


You were on level 2 of the Dungeon.
You worshipped Makhleb.
Makhleb was aware of your devotion.
You visited 1 branch of the dungeon, and saw 2 of its levels.

You collected 29 gold pieces.

Inventory:

Hand Weapons
 a - a +2 dagger
 d - a +0 club
 f - a +0 hand axe (weapon)
 j - a +1 dagger of electrocution
 m - a +0 short sword
 n - a +0 morningstar of protection
Missiles
 b - 8 poisoned darts (quivered)
 c - 2 curare-tipped darts
 e - 5 stones
 i - 17 arrows
Scrolls
 g - 2 scrolls of enchant weapon
 h - a scroll of enchant armour {unknown}
 k - 2 scrolls of identify {unknown}
 l - a scroll of noise {unknown}
 o - a scroll of magic mapping {unknown}


   Skills:
 + Level 2.3 Fighting
 + Level 2.2 Short Blades
 + Level 0.1 Axes
 + Level 2.1 Throwing
 + Level 1.1 Dodging
 + Level 5.8 Stealth


You had one spell level left.
You didn't know any spells.
Your spell library was empty.

Dungeon Overview and Level Annotations

Branches:
Dungeon (2/15)

Altars:
Makhleb

Shops:
D:1 =


Innate Abilities, Weirdness & Mutations

You cannot wear most types of armour.
You are amphibious.
You can wear up to eight rings at the same time.
Your skin changes colour to match your surroundings (Stealth+).
Your rubbery body absorbs attacks. (AC +1, EV +1)
((You are camouflaged near water. (Stealth+)))
You have tentacles for arms and can constrict up to eight enemies at once.


Message History

A worm comes into view.
You see here a scroll labelled UFEOSO REJEUBE.
o - a scroll labelled UFEOSO REJEUBE You barely miss the jackal.
The adder hisses angrily.
You grab the jackal. You closely miss the frilled lizard.
You constrict the jackal.
The jackal bites you but does no damage.
The jackal closely misses you. The frilled lizard closely misses you.
You hit the jackal.
The jackal is heavily wounded.
You closely miss the adder. You miss the frilled lizard.
You constrict the jackal. The jackal bites you. The adder bites you.
You are poisoned.
The adder poisons you! The frilled lizard bites you. The jackal bites you.
You barely miss the jackal.
The jackal is almost dead.
You hit the adder but do no damage. You hit the frilled lizard.
You constrict the jackal.
You kill the jackal!
Makhleb accepts your kill.
You feel very sick. The adder bites you.
You are lethally poisoned!
The adder poisons you! The frilled lizard barely misses you.
The adder misses you.
Unknown command.
As you read the scroll labelled QEFAPO OJUO, it crumbles to dust.
It is a scroll of enchant weapon.
Okay, then.
* * * LOW HITPOINT WARNING * * *
You feel sick. The frilled lizard misses you. The adder bites you.
* * * LOW HITPOINT WARNING * * *
* * * LOW HITPOINT WARNING * * *
You feel sick.
* * * LOW HITPOINT WARNING * * *
You feel sick. The adder closely misses you.
* * * LOW HITPOINT WARNING * * *
You feel sick.
You die...

##.............
#....#........ #
#...###)....... #.
..... #........ #.
...# #.....<..
#..##### #........
#...#### #........
..###....#####.##.####
#......w.lS.@..# .#
..###....#####....#
#...#### #..### #..##
#..# #. #.## #. ... #
§§. §#.


You could see a worm, an adder and a frilled lizard.

Vanquished Creatures
  A giant cockroach (D:1)
  3 goblins
  2 hobgoblins (D:1)
  4 jackals
  2 kobolds (D:1)
  A quokka (D:1)
  3 ball pythons
  A quokka skeleton (D:2)
17 creatures vanquished.

Vanquished Creatures (others)
  A withered plant (D:2)
1 creature vanquished.

Grand Total: 18 creatures vanquished

Notes
Turn   | Place    | Note
-------+----------+-------------------------------------------
     0 | D:1      | jessy the Octopode Brigand began the quest for the Orb.
     0 | D:1      | Reached XP level 1. HP: 14/14 MP: 1/1
   182 | D:1      | Found a faded altar of an unknown god.
   196 | D:1      | Became a worshipper of Makhleb the Destroyer
   196 | D:1      | Reached * piety under Makhleb
   480 | D:1      | Reached XP level 2. HP: 19/19 MP: 2/2
   895 | D:1      | Found Buffam's Jewellery Emporium.
  1721 | D:2      | HP: 1/20 [poisoned by an adder]
  1722 | D:2      | Succumbed to an adder's poison

Illustrated notes

Levels and vault maps discovered:
D:1:      onia_arrival_mini_spirals, layout_basic, serial_shops, shop,
          dreamdust_ecumenical_altar_angels_and_demons
D:2:      minmay_general_purpose_star, layout_rooms, basic_altar, serial_undead,
          serial_undead_b, serial_undead_b, serial_undead_f, serial_undead_e,
          serial_shops, shop, minmay_tree_intersection, uniq_robin

Action                   || total
-------------------------++-------
Melee: Dagger            ||     8
       Constrict         ||    10
       Hand axe          ||    24
       Tentacles         ||     5
Throw: Dart              ||     3
  Use: Scroll            ||     1
 Stab: Sleeping          ||     2
Armor: Skin              ||     4
Dodge: Dodged            ||    28
